 Dungeon Crawl Stone Soup version 0.28.0-45-g0d030f2227 (console) character file.

Game seed: 3932044442340683875

1278 Faeu the Skirmisher (level 8, -12/73 HPs)
             Began as a Minotaur Fighter on Apr 20, 2022.
             Was a Follower of Elyvilon.
             Mangled by a two-headed ogre
             ... wielding a +0 giant club
              (17 damage)
             ... on level 6 of the Dungeon.
             The game lasted 00:18:32 (5303 turns).

Faeu the Skirmisher (Minotaur Fighter)              Turns: 5303, Time: 00:18:33

Health: -12/73     AC: 20    Str: 23    XL:     8   Next: 29%
Magic:  7/7        EV:  6    Int:  5    God:    Elyvilon [*.....]
Gold:   158        SH:  5    Dex: 10    Spells: 7/7 levels left

rFire   . . .      SeeInvis .   f - +5 mace (protect) {mace}
rCold   . . .      Faith    .   c - +0 buckler
rNeg    . . .      Spirit   .   v - +0 plate armour
rPois   +          Reflect  .   (helmet restricted)
rElec   .          Harm     .   (no cloak)
rCorr   +          Rampage  .   (no gloves)
Will    .....                   (no boots)
Stlth   ..........              (no amulet)
HPRegen 0.22/turn               t - ring of poison resistance
MPRegen 0.10/turn               h - ring of resist corrosion

@: under a protective aura
A: horns 2, retaliatory headbutt
a: Renounce Religion, Purification


You were on level 6 of the Dungeon.
You worshipped Elyvilon.
Elyvilon was aware of your devotion.
You visited 2 branches of the dungeon, and saw 7 of its levels.

You collected 158 gold pieces.


Innate Abilities, Weirdness & Mutations

You have a pair of horns on your head.
You reflexively headbutt those who attack you in melee.


   Skills:
 + Level 7.0 Fighting
 + Level 6.4 Long Blades
 + Level 7.0 Armour
 + Level 7.0 Shields


You had 7 spell levels left.
You didn't know any spells.
Your spell library contained the following spells:

 Spells                   Type           Power      Damage    Failure   Level
 Conjure Flame            Conj/Fire      0%         6-21      100%        3
 Ignite Poison            Fire/Tmut/Pois 0%         N/A       100%        3
 Sticky Flame             Conj/Fire      0%         2d3       100%        4

Inventory:

Hand Weapons
 a - a +0 long sword {long}
 f - a +5 mace of protection (weapon) {mace}
   (You found it on level 1 of the Dungeon)
Missiles
 m - a poisoned dart (quivered) {throwing}
 s - 3 boomerangs {throwing}
Armour
 c - a +0 buckler (worn)
 v - a +0 plate armour (worn)
   (You took it off an orc warrior on level 5 of the Dungeon)
Jewellery
 h - a ring of resist corrosion (right hand)
   (You found it on level 1 of the Dungeon)
 q - a ring of protection from fire
   (You found it on level 4 of the Dungeon)
 t - a ring of poison resistance (left hand)
   (You found it on level 4 of the Dungeon)
 w - a ring of magical power
   (You found it on level 5 of the Dungeon)
Wands
 b - a wand of flame (14)
   (You found it on level 5 of the Dungeon)
 y - a wand of iceblast (10)
   (You found it on level 5 of the Dungeon)
Scrolls
 e - a scroll of enchant weapon {unknown}
 i - a scroll of teleportation {unknown}
 j - 6 scrolls of identify {unknown}
 k - 2 scrolls of fear {unknown}
 l - a scroll of brand weapon {unknown}
 n - a scroll of magic mapping {unknown}
 x - a scroll of silence {unknown}
 z - a scroll of vulnerability {unknown}
Potions
 d - a potion of might
 g - a potion of berserk rage {unknown}
 o - a potion of magic {unknown}
 p - 2 potions of brilliance {unknown}
 r - 2 potions of curing {unknown}
 u - a potion of resistance {unknown}

Dungeon Overview and Level Annotations

Branches:
Dungeon (6/15)             Temple (1/1) D:4

Altars:
Ashenzari
Cheibriados
Dithmenos
Elyvilon
Fedhas
Gozag
Kikubaaqudgha
Makhleb
Nemelex Xobeh
Okawaru
Qazlal
Ru
Sif Muna
Trog
Uskayaw
Vehumet
Xom
Yredelemnul
The Shining One

#.# #.# #.# #.# #.#
#.# #.# #.# # #
#.###.## .#.
#..##..## #.#
........# #.#
##.###..# #.# # #.#
#..# ###.##.# #>#
#..######...<..####
#^#
#......(..O@........
#.#
#.#######.#.#######.
#.# #.# #....# #.#
#.# #.....# ...
........# ...
........##
##.####.#...## #.
......#


You could see a two-headed ogre.


Message History

You hit the adder.
Your weapon exudes an aura of protection.
The adder barely misses you. You block the adder's attack. 😎 HP[+1]
You barely miss the adder. Your headbutt misses the adder.
You block the adder's attack. The adder barely misses you.
You sock the adder!
Your weapon exudes an aura of protection.
You kill the adder!
Your Armour skill increases to level 7!
Unknown command.
You now have 158 gold pieces (gained 15).
There is a stone staircase leading down here.
z - a scroll labelled MYETHR KI OFENYUH A two-headed ogre comes into view.
It is wielding a +0 giant club and a +0 giant spiked club.
The two-headed ogre shouts in stereo!
You see here a +0 ring mail.
Hit: f) +5 mace (protect) {mace}
Press: ? - help, Dir - move target, f - two-headed ogre
Aim: a two-headed ogre, wielding a +0 giant club and a +0 giant spiked club (about 21% to evade your +5 mace of protection)
Your weapon can't reach that far!
Okay, then.
Unknown command.
Aiming: Throw Flame
Press: ? - help, Shift-Dir - straight line, f - two-headed ogre
Aim: a two-headed ogre, wielding a +0 giant club and a +0 giant spiked club (85% to hit)
The puff of flame hits the two-headed ogre.
You throw a poisoned dart {throwing}.
The poisoned dart {throwing} barely misses the two-headed ogre.
You throw a poisoned dart {throwing}.
The poisoned dart {throwing} hits the two-headed ogre.
The two-headed ogre is poisoned.
The two-headed ogre looks more healthy.
You throw a poisoned dart {throwing}.
The poisoned dart {throwing} hits the two-headed ogre.
The two-headed ogre is poisoned.
The two-headed ogre looks more healthy.
You barely miss the two-headed ogre.
The two-headed ogre hits you with a +0 giant club!!
The two-headed ogre hits you with a +0 giant spiked club! 😮 HP[-32]
You take 32 damage, and now have 41/73 hp.
MASSIVE DAMAGE!! (PAUSE)
You sock the two-headed ogre!
Your weapon exudes an aura of protection.
You headbutt the two-headed ogre! The two-headed ogre closely misses you.
The two-headed ogre hits you with a +0 giant spiked club!
* * * LOW HITPOINT WARNING * * *
😨 HP[-13]
You take 13 damage, and now have 28/73 hp.
You sock the two-headed ogre! You headbutt the two-headed ogre.
The two-headed ogre hits you with a +0 giant club.
* * * LOW HITPOINT WARNING * * *
The two-headed ogre closely misses you. The two-headed ogre barely misses you.
The two-headed ogre hits you with a +0 giant spiked club!
* * * LOW HITPOINT WARNING * * *
😱 HP[-14]
You take 14 damage, and now have 14/73 hp. 😱 HP[+1] 😱 HP[+1] 😱 HP[+1] 😱 HP[+1] 😨 HP[+1]
There is a stone staircase leading down here. 😨 HP[+1] 😨 HP[+1] 😨 HP[+1] 😨 HP[+1]
You are too injured to fight recklessly!
Throw: 3 darts (poison) {throwing}
Press: ? - help, Q - select action, (/) - cycle Shift-Dir - straight line, f/p - two-headed ogre
Aim: a two-headed ogre, wielding a +0 giant club and a +0 giant spiked club (severely wounded, 74% to hit)
You throw a poisoned dart {throwing}.
The poisoned dart {throwing} hits the two-headed ogre.
The two-headed ogre is poisoned. 😨 HP[+1]
The two-headed ogre looks more healthy. 😨 HP[+1] 😨 HP[+1] 😨 HP[+1] Throw: 2 darts (poison) {throwing}
Press: ? - help, Q - select action, (/) - cycle Shift-Dir - straight line, f/p - two-headed ogre
Aim: a two-headed ogre, wielding a +0 giant club and a +0 giant spiked club (severely wounded, 74% to hit)
You throw a poisoned dart {throwing}.
The poisoned dart {throwing} hits the two-headed ogre.
You hit the two-headed ogre.
Your weapon exudes an aura of protection.
You headbutt the two-headed ogre, but do no damage.
The two-headed ogre barely misses you.
The two-headed ogre closely misses you. 😨 HP[+1]
You hit the two-headed ogre. The two-headed ogre barely misses you.
The two-headed ogre hits you with a +0 giant spiked club!!
* * * LOW HITPOINT WARNING * * *
😱 HP[-23]
You take 23 damage, and now have 5/73 hp.
MASSIVE DAMAGE!! (PAUSE)
You barely miss the two-headed ogre.
Your headbutt misses the two-headed ogre.
The two-headed ogre hits you with a +0 giant club!
You die...

Skill      XL: |  1  2  3  4  5  6  7  8 |
---------------+-------------------------+-----
Fighting       | 4 5 6 7 |  7.0
Armour         | 4 5 6 7 |  7.0
Shields        | 4 5 6 7 |  7.0
Long Blades    | 3 4 5 6 |  6.4

Action                   |  1- 3 |  4- 6 |  7- 9 || total
-------------------------+-------+-------+-------++-------
Melee: Long sword        |    17 |       |       ||    17
       Mace              |    40 |    91 |    99 ||   230
       Headbutt          |     1 |    12 |    19 ||    32
Throw: Dart              |       |     4 |     8 ||    12
       Boomerang         |       |       |     1 ||     1
Evoke: Wand              |       |       |     1 ||     1
Armor: Scale mail        |    22 |    53 |    41 ||   116
       Plate armour      |       |       |    25 ||    25
Dodge: Dodged            |    27 |    43 |    52 ||   122
Block: Buckler           |    16 |    18 |    26 ||    60

Levels and vault maps discovered:
D:1:      mrwooster_arrival_arrow, layout_loops_cross,
          shapermc_ecumenical_altar_mp_urbaneastern
D:2:      layout_basic, minmay_misc_feat_diagonals, serial_park_tiny_2
D:3:      layout_basic
D:4:      layout_basic, trog_book, lemuel_tele_altar,
          lemuel_zombie_altar_yredelemnul, minmay_temple_entry_ruins,
          grunt_ministairs_10, minmay_misc_feat_five, uniq_eustachio
D:5:      layout_basic, nicolae_dithmenos_the_darkroom,
          nicolae_overflow_hidden_temple, minivault_23, corexii_hall_statues_u,
          uniq_grinder
D:6:      layout_loops_ring, nrook_mini_backslash, uniq_pikel
Temple:   minmay_temple_curvy_branch

Notes
Turn   | Place    | Note
-------+----------+-------------------------------------------
     0 | D:1      | Faeu the Minotaur Fighter began the quest for the Orb.
     0 | D:1      | Reached XP level 1. HP: 19/19 MP: 0/0
     0 | D:1      | magus.rc [v1.9.6]
   312 | D:1      | Reached XP level 2. HP: 21/27 MP: 1/1
   378 | D:1      | Found a faded altar of an unknown god.
   753 | D:2      | Reached skill level 4 in Fighting
   753 | D:2      | Reached skill level 4 in Armour
   753 | D:2      | Reached skill level 4 in Shields
   875 | D:2      | Reached skill level 3 in Long Blades
   875 | D:2      | Reached XP level 3. HP: 33/33 MP: 2/2
  1674 | D:3      | Reached XP level 4. HP: 41/41 MP: 3/3
  1990 | D:3      | Reached XP level 5. HP: 47/47 MP: 4/4
  2092 | D:3      | Reached skill level 4 in Long Blades
  2537 | D:4      | Reached skill level 5 in Fighting
  2537 | D:4      | Reached skill level 5 in Armour
  2537 | D:4      | Reached skill level 5 in Shields
  2563 | D:4      | Found a staircase to the Ecumenical Temple.
  2569 | D:4      | Reached XP level 6. HP: 42/56 MP: 5/5
  2768 | Temple   | Entered the Ecumenical Temple
  3055 | Temple   | Became a worshipper of Elyvilon the Healer
  3336 | D:4      | Reached skill level 5 in Long Blades
  3336 | D:4      | Reached XP level 7. HP: 49/62 MP: 6/6
  3491 | D:4      | Found a bloodstained altar of Trog.
  3502 | D:4      | Found a shimmering altar of Xom.
  3676 | D:4      | Noticed Eustachio
  3707 | D:4      | Killed Eustachio
  3708 | D:4      | Reached skill level 6 in Fighting
  3708 | D:4      | Reached skill level 6 in Armour
  3708 | D:4      | Reached skill level 6 in Shields
  3970 | D:4      | Found a basalt altar of Yredelemnul.
  4056 | D:5      | Entered Level 5 of the Dungeon
  4107 | D:5      | HP: 12/63 [orc priest/divine providence (10)]
  4111 | D:5      | Found an iron altar of Okawaru.
  4122 | D:5      | HP: 9/63 [orc wizard/puff of flame (6)]
  4462 | D:5      | Reached skill level 6 in Long Blades
  4462 | D:5      | Reached XP level 8. HP: 58/71 MP: 7/7
  4532 | D:5      | You add the spells Conjure Flame, Ignite Poison and Sticky
                  | Flame to your library.
  4612 | D:5      | Reached * piety under Elyvilon
  4766 | D:5      | Found a shadowy altar of Dithmenos.
  4974 | D:5      | Noticed Grinder
  4985 | D:5      | Killed Grinder
  4986 | D:5      | Reached skill level 7 in Fighting
  4986 | D:5      | Reached skill level 7 in Shields
  5134 | D:6      | Reached skill level 7 in Armour
  5218 | D:6      | Noticed a two-headed ogre
  5239 | D:6      | HP: 14/73 [two-headed ogre/+0 giant club (13)]
  5302 | D:6      | HP: 5/73 [two-headed ogre/+0 giant club (23)]
  5303 | D:6      | Mangled by a two-headed ogre

Vanquished Creatures
  Grinder (D:5)
  Eustachio (D:4)
  An orc warrior (D:5)
  An ogre (D:4)
  A phantom (D:4)
  A scorpion (D:4)
  2 howler monkeys
  A centaur zombie (D:4)
  4 hounds
  A jelly (D:3)
  An orc priest (D:5)
  2 iguanas
  An orc wizard (D:5)
  A hound zombie (D:5)
  7 gnolls
  A howler monkey skeleton (D:5)
  10 adders
  An ufetubus (D:5)
  An adder zombie (D:4)
  12 orcs
  7 ball pythons
  3 bats
  4 endoplasms
  2 giant cockroaches
  2 goblins
  3 hobgoblins
  7 jackals
  A quokka (D:1)
  4 frilled lizards
  7 kobolds
  5 rats
96 creatures vanquished.

Table legend:
 A = Non-vault XP
 B = Vault XP
 C = Vault XP percentage of total XP
 D = Non-vault monster count
 E = Vault monster count
 F = Vault count percentage of total count
                 A         B        C        D         E       F
            +---------+---------+-------+---------+---------+-------
      Total |    1252 |     574 |  31.4 |      90 |       6 |   6.2
            +---------+---------+-------+---------+---------+-------
        D:1 |      18 |       0 |   0.0 |      12 |       0 |   0.0
        D:2 |      72 |       0 |   0.0 |      17 |       0 |   0.0
        D:3 |     205 |       0 |   0.0 |      26 |       0 |   0.0
        D:4 |     493 |     293 |  37.3 |      21 |       5 |  19.2
        D:5 |     450 |     281 |  38.4 |      13 |       1 |   7.1
        D:6 |      14 |       0 |   0.0 |       1 |       0 |   0.0
            +---------+---------+-------+---------+---------+-------

Illustrated notes

Table legend:
 A = Kills in this place as a percentage of kills in entire the game.
 B = Kills by you in this place as a percentage of kills by you in the entire game.
 C = Kills by friends in this place as a percentage of kills by friends in the entire game.
 D = Other kills in this place as a percentage of other kills in the entire game.
 E = Experience gained in this place as a percentage of experience gained in the entire game.
 F = Experience gained in this place divided by the number of levels of this place that you have seen.
                   A       B       C       D       E      F
               +-------+-------+-------+-------+-------+----------------------
         Total | 100.0 | 100.0 |   N/A |   N/A | 100.0 | 260.9
       Dungeon | 100.0 | 100.0 |   N/A |   N/A | 100.0 | 304.3
               +-------+-------+-------+-------+-------+----------------------

Table legend: (Time is in decaauts)
 A = Elapsed time spent in this place.
 B = Non-inter-level travel time spent in this place.
 C = Inter-level travel time spent in this place.
 D = Time resting spent in this place.
 E = Time spent auto-exploring this place.
 F = Levels seen in this place.
 G = Mean time per level.
                   A        B        C        D        E       F      G
               +--------+--------+--------+--------+--------+-----+--------+
         Total |   5407 |   5317 |     90 |    394 |   3546 |   7 |  772.4 |
       Dungeon |   5094 |   5004 |     90 |    394 |   3302 |   6 |  849.0 |
        Temple |    313 |    313 |      0 |      0 |    244 |   1 |  313.0 |
               +--------+--------+--------+--------+--------+-----+--------+

Top non-repeatable levels by time:
     D:4: 1557 daAuts
     D:2: 970 daAuts
     D:3: 838 daAuts
     D:5: 833 daAuts
     D:1: 712 daAuts
  Temple: 313 daAuts
     D:6: 182 daAuts
